 Dungeon Crawl Stone Soup version 0.30-a0-331-g8ab09dc110 (webtiles) character file.

Game seed: 11594646754901368049

89 p00ps00p the Chopper (level 4, -5/34 HPs)
             Began as a Demonspawn Gladiator on Oct 29, 2022.
             Slain by an iron imp (9 damage)
             ... summoned by Natasha
             ... on level 3 of the Dungeon.
             The game lasted 00:06:00 (1893 turns).

p00ps00p the Chopper (Demonspawn Gladiator)         Turns: 1893, Time: 00:06:00

Health: -5/34      AC:  0    Str: 16    XL:     4   Next: 31%
Magic:  4/4        EV: 20    Int:  9    God:
Gold:   129        SH:  4    Dex: 20    Spells: 3/3 levels left

rFire   . . .      SeeInvis .    (weapon currently unavailable)
rCold   . . .      Faith    .    (shield currently unavailable)
rNeg    . . .      Spirit   .    (body armour currently unavailable)
rPois   .          Reflect  .    (helmet currently unavailable)
rElec   .          Harm     .    (cloak currently unavailable)
rCorr   .          Rampage  .    (gloves currently unavailable)
Will    .....                    (boots currently unavailable)
Stlth   ++........               (no amulet)
HPRegen 0.25/turn                (ring currently unavailable)
MPRegen 0.09/turn                (ring currently unavailable)

@: bat-form, flying, hasted, very quick
A: fast, flying, no casting, tiny, (sturdy frame 1), condensation shield,
(weakness stinger 1)
a: no special abilities


You were on level 3 of the Dungeon.
You were a bat.
You visited 1 branch of the dungeon, and saw 3 of its levels.

You collected 129 gold pieces.

Inventory:

Hand Weapons
 a - a +0 war axe (melded)
Missiles
 d - 3 throwing nets (quivered)
 e - a javelin
 i - 6 poisoned darts
Armour
 b - a +0 leather armour (melded)
 c - a +0 helmet (melded)
Jewellery
 s - a ring of poison resistance (melded)
Scrolls
 h - a scroll of fog {unknown}
 j - a scroll of vulnerability {unknown}
 n - 2 scrolls of fear
 o - 2 scrolls of teleportation
 p - a scroll of poison {unknown}
 t - a scroll of immolation {unknown}
 u - a scroll of enchant armour {unknown}
Potions
 f - a potion of brilliance
 g - a potion of lignification
 l - a potion of curing {unknown}
 m - a potion of flight {unknown}
 q - a potion of heal wounds {unknown}
 r - a potion of mutation {unknown}


   Skills:
 + Level 2.8 Fighting
 + Level 3.2 Axes
 + Level 2.5 Throwing
 + Level 1.6 Armour
 - Level 2.6 Dodging


You had 3 spell levels left.
You didn't know any spells.
Your spell library contained the following spells:

 Spells                   Type           Power      Damage    Failure   Level
 Beastly Appendage        Tmut           0%         N/A       38%         1
 Wereblood                Tmut           0%         N/A       52%         2
 Gell's Gravitas          Tloc           0%         N/A       77%         3
 Spider Form              Tmut/Pois      0%         N/A       77%         3
 Teleport Other           Tloc           0%         N/A       77%         3
 Freezing Cloud           Conj/Ice/Air   0%         6-21      100%        5
 Dispersal                Tloc           0%         N/A       100%        6
 Simulacrum               Ice/Necr       0%         N/A       100%        6
 Polar Vortex             Ice            0%         N/A       100%        9


Dungeon Overview and Level Annotations

Branches:
Dungeon (3/15)

Altars:
Nemelex Xobeh

Annotations:
D:3 Natasha


Innate Abilities, Weirdness & Mutations

You are a bat.
You are tiny and dextrous.
You move quickly.
You are flying.
Your equipment is almost entirely melded.
You are incapable of wielding weapons or throwing items.
You cannot cast spells.
((Your movements are slightly less encumbered by armour. (ER -2)))
A meltable shield of frost defends you. (SH +4)
((You have a small tail.))


Message History

You turn into a bat.
Your +0 war axe melds into your body.
Your +0 helmet melds into your body.
Your +0 leather armour melds into your body.
Your ring of poison resistance melds into your body.
The iron imp misses you.
You hit Natasha.
Natasha is lightly wounded.
Natasha completely misses you.
You hit Natasha but do no damage.
Natasha is lightly wounded.
Natasha completely misses you. You block the iron imp's attack.
You hit Natasha but do no damage.
Natasha is lightly wounded.
Natasha closely misses you. The iron imp hits you!
You hit Natasha.
Natasha is lightly wounded.
You block Natasha's attack.
You closely miss Natasha.
Natasha is lightly wounded.
The iron imp barely misses you. Natasha misses you.
You hit Natasha.
Natasha is moderately wounded.
The iron imp misses you. Natasha claws you.
You hit Natasha.
Natasha is moderately wounded.
Natasha claws you. The iron imp closely misses you.
You hit Natasha but do no damage.
Natasha is moderately wounded.
Natasha claws you!
* * * LOW HITPOINT WARNING * * *
You hit Natasha.
Natasha is heavily wounded.
The iron imp completely misses you. Natasha completely misses you.
You feel yourself speed up. The iron imp barely misses you. Natasha misses you.
You barely miss Natasha.
Natasha is heavily wounded.
You barely miss Natasha.
Natasha is heavily wounded.
The iron imp hits you!
You die...

### #.. #.#
#.#
#####.######.#
#.).....5bh.#
#.###.####<##
#.# #.# ## #.#
#.. #.# ####
###.### ##
#.....### .#
#.......# .#
#.#.#.#.#


You could see an iron imp (summoned) and Natasha.

Vanquished Creatures
  An adder (D:3)
  4 dart slugs
  5 orcs (D:3)
  7 endoplasms
  A giant cockroach (D:1)
  4 goblins
  8 hobgoblins
  8 jackals (D:2)
  2 quokkas
  4 ball pythons
  3 bats (D:1)
  2 frilled lizards
  6 kobolds
  6 rats
61 creatures vanquished.

Notes
Turn   | Place    | Note
-------+----------+-------------------------------------------
     0 | D:1      | p00ps00p the Demonspawn Gladiator began the quest for the
                  | Orb.
     0 | D:1      | Reached XP level 1. HP: 16/16 MP: 1/1
    66 | D:1      | Gained mutation: Your movements are slightly less
                  | encumbered by armour. (ER -2) [demonic ancestry]
    66 | D:1      | Reached XP level 2. HP: 19/22 MP: 2/2
   267 | D:1      | Reached skill level 3 in Axes
   424 | D:1      | Reached skill level 1 in Armour
   456 | D:1      | Gained mutation: A meltable shield of frost defends you.
                  | (SH +4) [demonic ancestry]
   456 | D:1      | Reached XP level 3. HP: 23/28 MP: 3/3
  1556 | D:3      | Gained mutation: You have a small tail. [demonic ancestry]
  1556 | D:3      | Reached XP level 4. HP: 26/34 MP: 4/4
  1809 | D:3      | Found a sparkling altar of Nemelex Xobeh.
  1874 | D:3      | Noticed Natasha
  1893 | D:3      | Slain by an iron imp

Illustrated notes

Levels and vault maps discovered:
D:1:      mrwooster_arrival_statue, layout_basic
D:2:      layout_basic
D:3:      layout_loops_corners, nemelex_dance_club_becter, uniq_natasha

Skill      XL: |  1  2 |
---------------+-------+-----
Throwing       | 2 |  2.5
Axes           | 3 |  3.2
Armour         | 1 |  1.6
Fighting       | |  2.8
Dodging        | |  2.6

Action                   |  1- 3 |  4- 6 || total
-------------------------+-------+-------++-------
Melee: War axe           |   113 |    25 ||   138
       Unarmed           |       |    11 ||    11
       Tailslap          |       |     2 ||     2
  Use: Scroll            |     5 |       ||     5
       Potion            |       |     1 ||     1
 Stab: Sleeping          |     2 |       ||     2
       Distracted        |     1 |       ||     1
Armor: Leather armour    |    42 |     5 ||    47
Dodge: Dodged            |    79 |    28 ||   107
Block: Other             |    16 |     7 ||    23

Table legend: (Time is in decaauts)
 A = Elapsed time spent in this place.
 B = Non-inter-level travel time spent in this place.
 C = Inter-level travel time spent in this place.
 D = Time resting spent in this place.
 E = Time spent auto-exploring this place.
 F = Levels seen in this place.
 G = Mean time per level.
                   A        B        C        D        E       F      G
               +--------+--------+--------+--------+--------+-----+--------+
         Total |   1939 |   1918 |     21 |     49 |   1330 |   3 |  646.3 |
       Dungeon |   1939 |   1918 |     21 |     49 |   1330 |   3 |  646.3 |
               +--------+--------+--------+--------+--------+-----+--------+

Top non-repeatable levels by time:
     D:2: 862 daAuts
     D:1: 639 daAuts
     D:3: 437 daAuts
